[ AOE2 MATCH · #506946409 ]
UnrankedSicilians vs Mongols
Player's team · LOSS
Rival team · WIN
[ REPLAY ANALYSIS · EXTRACTED FROM THE RECORDED GAME ]
Feudal
14:44
Castle
—
Imperial
—
| APM avg | 51.3 |
| APM peak | 124 |
| eAPM avg | 24.9 |
| Villagers / military | 54 / 0 |
Focus
⚔️ 8.5% · 🌾 91.5%
Feudal
9:54
Castle
23:48
Imperial
—
| APM avg | 31.7 |
| APM peak | 76 |
| eAPM avg | 12.2 |
| Villagers / military | 37 / 14 |
Focus
⚔️ 24.1% · 🌾 75.9%
Militia ×13 · Spearman ×1
Match map
Initial resources + every placement click. Lines = walls · curves = elevation contours. ◆ gold · ⬟ stone · ● berries · ✦ relic · ◌ wall gap
Your base· Open — unwalled flank
Ego59's base· Open — unwalled flank
Smoothed initial terrain · ◌ = detected wall gap · hover for details
Inputs per minute
— rNy- - - Ego59
Build order — rNy-
90 actions detected in the replay
| 0:00 | Queue | Villager (Male) |
| 0:00 | Queue | Villager (Male) |
| 0:01 | Queue | Villager (Male) |
| 0:01 | Queue | Villager (Male) |
| 0:01 | Queue | Villager (Male) |
| 0:03 | Build | House |
| 0:04 | Build | House |
| 0:05 | Build | House |
| 1:43 | Queue | Villager (Male) |
| 1:43 | Queue | Villager (Male) |
| 2:02 | Queue | Villager (Male) |
| 2:03 | Queue | Villager (Male) |
| 2:28 | Queue | Villager (Male) |
| 2:28 | Queue | Villager (Male) |
| 2:57 | Queue | Villager (Male) |
| 2:57 | Queue | Villager (Male) |
| 3:05 | Queue | Villager (Male) |
| 3:06 | Queue | Villager (Male) |
| 3:39 | Queue | Villager (Male) |
| 3:40 | Queue | Villager (Male) |
| 3:48 | Queue | Villager (Male) |
| 4:31 | Queue | Villager (Male) |
| 4:31 | Queue | Villager (Male) |
| 4:32 | Queue | Villager (Male) |
| 5:26 | Queue | Villager (Male) |
| 5:26 | Queue | Villager (Male) |
| 5:26 | Queue | Villager (Male) |
| 5:26 | Queue | Villager (Male) |
| 5:59 | Build | House |
| 6:09 | Queue | Villager (Male) |
| 6:09 | Queue | Villager (Male) |
| 6:41 | Queue | Villager (Male) |
| 6:41 | Queue | Villager (Male) |
| 6:56 | Queue | Villager (Male) |
| 6:56 | Queue | Villager (Male) |
| 6:57 | Queue | Villager (Male) |
| 6:57 | Queue | Villager (Male) |
| 6:57 | Queue | Villager (Male) |
| 6:57 | Queue | Villager (Male) |
| 6:58 | Queue | Villager (Male) |
| 6:58 | Queue | Villager (Male) |
| 7:39 | Queue | Villager (Male) |
| 7:39 | Queue | Villager (Male) |
| 7:40 | Queue | Villager (Male) |
| 7:40 | Queue | Villager (Male) |
| 7:55 | Build | Lumber Camp |
| 8:55 | Research | Loom |
| 10:08 | Build | Town Center |
| 11:56 | Build | Mining Camp |
| 12:13 | Build | Donjon |
| 12:34 | Research | Feudal Age |
| 13:42 | Build | Lumber Camp |
| 14:44 | Age | Feudal Age |
| 16:09 | Build | Mill |
| 18:04 | Build | Mill |
| 18:49 | Build | Farm |
| 18:49 | Build | Farm |
| 18:50 | Build | Farm |
| 18:50 | Build | Farm |
| 18:50 | Build | Farm |
| 18:50 | Build | Farm |
| 18:51 | Build | Farm |
| 18:51 | Build | Farm |
| 18:51 | Build | Farm |
| 18:51 | Build | Farm |
| 18:51 | Build | Farm |
| 19:56 | Build | Donjon |
| 20:00 | Queue | Villager (Male) |
| 20:07 | Build | House |
| 20:08 | Build | House |
| 20:09 | Build | House |
| 20:32 | Queue | Villager (Male) |
| 20:57 | Research | Double-Bit Axe |
| 20:57 | Queue | Villager (Male) |
| 21:10 | Queue | Villager (Male) |
| 21:10 | Queue | Villager (Male) |
| 21:30 | Build | House |
| 21:31 | Build | House |
| 21:32 | Build | House |
| 21:36 | Queue | Villager (Male) |
| 21:36 | Queue | Villager (Male) |
| 22:07 | Queue | Villager (Male) |
| 22:07 | Queue | Villager (Male) |
| 22:22 | Build | House |
| 22:22 | Build | House |
| 22:45 | Queue | Villager (Male) |
| 22:50 | Build | House |
| 23:43 | Queue | Villager (Male) |
| 23:43 | Queue | Villager (Male) |
| 23:44 | Queue | Villager (Male) |
Build order — Ego59
91 actions detected in the replay
| 0:02 | Build | House |
| 0:04 | Build | House |
| 0:13 | Queue | Villager (Male) |
| 0:14 | Queue | Villager (Male) |
| 0:16 | Research | Loom |
| 0:37 | Queue | Villager (Male) |
| 0:38 | Queue | Villager (Male) |
| 0:38 | Queue | Villager (Male) |
| 1:41 | Queue | Villager (Male) |
| 1:41 | Queue | Villager (Male) |
| 2:28 | Queue | Villager (Male) |
| 2:31 | Queue | Villager (Male) |
| 2:32 | Queue | Villager (Male) |
| 2:54 | Build | Lumber Camp |
| 2:59 | Queue | Villager (Male) |
| 2:59 | Queue | Villager (Male) |
| 3:43 | Queue | Villager (Male) |
| 3:43 | Queue | Villager (Male) |
| 3:47 | Build | House |
| 3:50 | Build | House |
| 3:56 | Queue | Villager (Male) |
| 3:56 | Queue | Villager (Male) |
| 4:08 | Queue | Villager (Male) |
| 4:52 | Queue | Villager (Male) |
| 5:27 | Queue | Villager (Male) |
| 6:34 | Build | Mill |
| 6:38 | Queue | Villager (Male) |
| 7:10 | Queue | Villager (Male) |
| 7:37 | Research | Feudal Age |
| 7:52 | Build | Mining Camp |
| 8:03 | Queue | Villager (Male) |
| 8:51 | Build | Barracks |
| 8:59 | Queue | Villager (Male) |
| 9:20 | Build | House |
| 9:44 | Queue | Villager (Male) |
| 9:54 | Age | Feudal Age |
| 9:55 | Queue | Militia |
| 9:56 | Queue | Militia |
| 9:56 | Queue | Militia |
| 10:04 | Build | House |
| 10:06 | Build | House |
| 10:57 | Queue | Militia |
| 11:10 | Build | Lumber Camp |
| 11:39 | Research | Man-at-Arms (upgrade) |
| 11:43 | Queue | Spearman |
| 11:46 | Build | House |
| 12:14 | Queue | Villager (Male) |
| 12:14 | Queue | Villager (Male) |
| 12:25 | Queue | Villager (Male) |
| 12:39 | Queue | Militia |
| 14:02 | Build | Market |
| 14:30 | Build | Town Center |
| 15:45 | Queue | Villager (Male) |
| 15:45 | Queue | Villager (Male) |
| 15:45 | Queue | Villager (Male) |
| 15:46 | Queue | Villager (Male) |
| 15:57 | Build | Mining Camp |
| 16:02 | Queue | Villager (Male) |
| 16:02 | Queue | Villager (Male) |
| 16:21 | Queue | Militia |
| 16:22 | Queue | Militia |
| 16:54 | Build | House |
| 17:17 | Build | Blacksmith |
| 17:26 | Queue | Villager (Male) |
| 17:28 | Queue | Villager (Male) |
| 17:39 | Queue | Villager (Male) |
| 17:45 | Queue | Militia |
| 17:46 | Queue | Militia |
| 17:58 | Queue | Villager (Male) |
| 18:57 | Build | Farm |
| 18:57 | Build | Farm |
| 18:58 | Build | Farm |
| 18:58 | Build | Farm |
| 19:00 | Build | Farm |
| 19:00 | Build | Farm |
| 19:06 | Queue | Militia |
| 19:06 | Queue | Militia |
| 19:12 | Build | House |
| 19:14 | Build | House |
| 19:43 | Research | Forging |
| 19:45 | Research | Arson |
| 19:55 | Research | Scale Mail Armor |
| 20:01 | Build | House |
| 20:02 | Build | House |
| 21:08 | Research | Castle Age |
| 21:37 | Research | Double-Bit Axe |
| 21:42 | Queue | Militia |
| 21:42 | Queue | Militia |
| 22:44 | Build | Stable |
| 23:48 | Age | Castle Age |
| 23:52 | Research | Long Swordsman (upgrade) |
Match timeline
| 8:51 | Ego59 · first_building Barracks |
| 9:54 | Ego59 · age_up feudal |
| 12:13 | rNy- · first_building Donjon |
| 14:44 | rNy- · age_up feudal |
| 16:18 | Ego59 · first_market_sell 100 wood |
| 19:24 | Ego59 · first_market_buy 100 food |
| 22:44 | Ego59 · first_building Stable |
| 23:48 | Ego59 · age_up castle |
| 23:52 | rNy- · resign |
[ AI ANALYSIS · 1 CREDIT ]
What really happened in this match?
Wolo.gg analyzes every decision: build order, eco, micro, common mistakes by bracket. Personalized analysis on WhatsApp or Discord in 30 seconds.
Civ guide
Sicilians
Perfil
rNy-